 Dungeon Crawl Stone Soup version 0.31-a0-1620-gcbf77bbcfc (webtiles) character file.

Game seed: 15523864807414268217

539 Flugslaktarn the Trooper (level 7, 0/63 HPs)
             Began as a Minotaur Fighter on Jan 11, 2024.
             Was an Initiate of Cheibriados.
             Slain by an orc warrior
             ... wielding a +0 battleaxe
              (11 damage)
             ... on level 5 of the Dungeon.
             The game lasted 00:01:43 (3867 turns).

Flugslaktarn the Trooper (Minotaur Fighter)         Turns: 3867, Time: 00:01:44

Health: 0/63       AC:  7    Str: 23    XL:     7   Next: 5%
Magic:  7/7        EV: 10    Int:  6    God:    Cheibriados [......]
Gold:   236        SH:  5    Dex: 11    Spells: 6/6 levels left

rFire   . . .        a - +0 war axe
rCold   . . .        c - +0 buckler
rNeg    . . .        b - +0 scale mail
rPois   .            (helmet restricted)
rElec   .            (no cloak)
rCorr   .            (no gloves)
SInv    .            (no boots)
Will    .....        (no amulet) Stlth
                     (no ring)
HPRegen 0.30/turn    (no ring)
MPRegen 0.10/turn

%: no passive effects
@: about to teleport, weak-willed, enlightened, flying, very slow
A: horns 2, retaliatory headbutt
a: Renounce Religion


You were on level 5 of the Dungeon.
You worshipped Cheibriados.
Cheibriados was noncommittal.
You visited 1 branch of the dungeon, and saw 5 of its levels.

You collected 236 gold pieces.

Inventory:

Hand Weapons
 a - a +0 war axe (weapon)
Armour
 b - a +0 scale mail (worn)
 c - a +0 buckler (worn)
Wands
 d - a wand of paralysis (7)
   (You took it off Ijyb on level 4 of the Dungeon)
Scrolls
 e - 2 scrolls of fog {unknown}
 g - a scroll of brand weapon {unknown}
 j - a scroll of noise {unknown}
 k - 2 scrolls of amnesia {unknown}
 m - a scroll of vulnerability
 o - a scroll of immolation {unknown}
 q - a scroll of acquirement {unknown}
 r - 2 scrolls of identify
 t - a scroll of teleportation
Potions
 i - a potion of brilliance {unknown}
 l - a potion of magic
 p - a potion of curing {unknown}


   Skills:
 * Level 6.2 Fighting
 * Level 5.5 Axes
 + Level 5.0 Armour
 + Level 1.5 Dodging
 - Level 4.5 Shields
 + Level 1.3 Invocations


You had 6 spell levels left.
You didn't know any spells.
Your spell library contained the following spells:

 Spells                   Type           Power      Damage    Failure   Level
 Freeze                   Ice            0%         1d3       82%         1
 Frozen Ramparts          Ice            0%         1d1       99%         3
 Hailstorm                Conj/Ice       0%         3d5       99%         3


Dungeon Overview and Level Annotations

Branches:
Dungeon (5/15)             Temple (0/1) D:4

Altars:
Cheibriados


Innate Abilities, Weirdness & Mutations

You have a pair of horns on your head.
You reflexively headbutt those who attack you in melee.


Message History

The quasit claws you but does no damage. x2
The quokka bites you but does no damage.
Eustachio hits you but does no damage.
You hit Eustachio.
Eustachio is almost dead.
You barely miss the quokka. You hit the quokka.
You kill the quokka!
The quokka's corpse disappears in a puff of smoke!
You hit the quasit but do no damage.
The shadow imp disappears in a puff of smoke!
The bat hits you.
* * * LOW HITPOINT WARNING * * *
The bat hits you but does no damage. The quasit completely misses you.
The quasit claws you but does no damage. x2
The quokka bites you but does no damage.
Eustachio gestures wildly while chanting.
The quasit bites you.
* * * LOW HITPOINT WARNING * * *
The quasit claws you but does no damage.
You block the quasit's attack.
The iron imp shouts, "Slither away, thou erky crook-pated bugbear!"
The quokka bites you but does no damage.
You closely miss Eustachio.
Eustachio is almost dead.
You barely miss the quasit. You closely miss the quokka. You slash the bat!
You kill the bat!
The bat's corpse disappears in a puff of smoke!
Your transformation is almost over.
The river rat disappears in a puff of smoke!
The bat hits you but does no damage.
The quasit bites you but does no damage.
The quasit claws you but does no damage. x2
Eustachio hits you with a +0 rapier!
* * * LOW HITPOINT WARNING * * *
The quokka bites you but does no damage.
The quasit bites you but does no damage.
The quasit claws you.
* * * LOW HITPOINT WARNING * * *
The quasit claws you but does no damage.
You slash Eustachio!
You kill Eustachio!
Cheibriados appreciates the change of pace.
The quokka disappears in a puff of smoke! x2
The quasit disappears in a puff of smoke!
The bat disappears in a puff of smoke!
The shadow imp disappears in a puff of smoke!
The iron imp disappears in a puff of smoke!
You feel your dexterity returning.
Your Fighting skill increases to level 6!
Your Armour skill increases to level 5!
You have reached level 7!
You start resting.
You feel less wooden.
Your +0 scale mail unmelds from your body.
You start resting.
Magic restored.
You start resting.
HP restored.
Things that are here:
a +0 rapier; a +0 leather armour
There is a stone staircase leading down, spattered with blood here.
You climb downwards.
You block the adder's attack.
The orc warrior hits you with a +0 battleaxe!
The adder bites you but does no damage.
The orc warrior hits you with a +0 battleaxe!
There is a stone staircase leading up, spattered with blood here.
You hit the orc warrior but do no damage.
You closely miss the adder. You hit the orc but do no damage.
The adder bites you but does no damage. You block the adder's attack.
The orc warrior hits you with a +0 battleaxe!
The orc hits you but does no damage. You block the orc priest's attack.
You are too injured to fight recklessly!
You are too injured to fight recklessly!
You are too injured to fight recklessly!
The orc priest looks satisfied for a moment.
Okay, then.
It was a potion of enlightenment.
You feel very buoyant.
You fly up into the air.
The orc hits you but does no damage.
The orc priest invokes the aid of Beogh against you.
Beogh smites you!
* * * LOW HITPOINT WARNING * * *
Unknown command.
As you read the scroll labelled ZUDOUPL RUIQ, it crumbles to dust.
It is a scroll of identify.
f - 2 scrolls of teleportation;
t - 2 scrolls of teleportation
r - 2 scrolls of identify;
i - a pink potion The orc hits you with a +0 dagger.
* * * LOW HITPOINT WARNING * * *
As you read the scroll of teleportation, it crumbles to dust.
You feel strangely unstable. You block the adder's attack.
The orc warrior barely misses you. The orc barely misses you.
The orc priest hits you but does no damage.
The adder closely misses you.
Unknown command.
As you read the scroll labelled LUSTISOIRA, it crumbles to dust.
A wave of despondency washes over your surroundings.
It was a scroll of vulnerability.
The orc warrior hits you with a +0 battleaxe!
You die...

.. >.. ..... ...
#..###.#..#
#.##........# #
...........#.. #
#........)...
.##.#............
.................
.........o.......
......[.S@.......
........oo.......
.................
...............(.
..........#######
....>.....#
..........#
.........##
##.....##


You could see an orc warrior (weak-willed), an orc priest (weak-willed), an
adder (weak-willed) and an orc (weak-willed).

Vanquished Creatures
  Eustachio (D:4)
  A water moccasin (D:4)
  A hound (D:4)
  An orc priest (D:3)
  Jessica (D:2)
  Ijyb (D:4)
  Robin (D:2)
  8 adders
  A dart slug (D:3)
  9 orcs
  10 ball pythons
  3 bats
  5 endoplasms
  6 giant cockroaches
  9 hobgoblins
  4 quokkas
  4 frilled lizards
  10 goblins
  7 kobolds
  4 rats
87 creatures vanquished.

Notes
Turn   | Place    | Note
-------+----------+-------------------------------------------
     0 | D:1      | Flugslaktarn the Minotaur Fighter began the quest for the
                  | Orb.
     0 | D:1      | Reached XP level 1. HP: 19/19 MP: 0/0
    79 | D:1      | Reached XP level 2. HP: 27/27 MP: 1/1
   184 | D:1      | Reached skill level 4 in Fighting
   213 | D:1      | Found a faded altar of an unknown god.
   448 | D:2      | Reached XP level 3. HP: 33/33 MP: 2/2
   939 | D:2      | Noticed Jessica
   941 | D:2      | Noticed Robin
   954 | D:2      | Killed Jessica
   955 | D:2      | Reached XP level 4. HP: 16/41 MP: 3/3
   955 | D:2      | Killed Robin
  1613 | D:3      | Reached skill level 5 in Fighting
  1613 | D:3      | Reached XP level 5. HP: 12/48 MP: 4/4
  2050 | D:3      | Found a snail-covered altar of Cheibriados.
  2066 | D:3      | Became a worshipper of Cheibriados the Contemplative
  2564 | D:4      | Noticed Ijyb
  2572 | D:4      | Killed Ijyb
  2769 | D:4      | Found a staircase to the Ecumenical Temple.
  2997 | D:4      | Reached XP level 6. HP: 46/56 MP: 5/5
  3611 | D:5      | Entered Level 5 of the Dungeon
  3611 | D:5      | Noticed Eustachio
  3614 | D:5      | Noticed a water moccasin
  3614 | D:5      | Noticed an orc warrior
  3626 | D:4      | Killed a water moccasin
  3627 | D:4      | Reached skill level 5 in Axes
  3627 | D:4      | Reached skill level 1 in Dodging
  3627 | D:4      | Reached skill level 1 in Invocations
  3655 | D:4      | HP: 4/85 [quasit[Eustachio] (2)]
  3656 | D:4      | Killed Eustachio
  3657 | D:4      | Reached skill level 6 in Fighting
  3657 | D:4      | Reached skill level 5 in Armour
  3657 | D:4      | Reached XP level 7. HP: 4/63 MP: 5/7
  3867 | D:5      | Slain by an orc warrior

Illustrated notes

Levels and vault maps discovered:
D:1:      roderic_dead_forest, layout_rooms,
          chequers_ecumenical_altar_simple_redux, minmay_misc_feat_five
D:2:      layout_basic, uniq_jessica, uniq_robin
D:3:      minmay_diamond_boxcup, layout_loops_ring, kennysheep_slug_shrine
D:4:      layout_cave_pods, minmay_temple_entry_antechambers, uniq_ijyb
D:5:      minmay_razor_zed, layout_rooms, minmay_misc_feat_four_crosses,
          grunt_decor_fettered, uniq_eustachio

Skill      XL: |  1  2  3  4  5  6 |
---------------+-------------------+-----
Axes           | 3 4 5 |  5.5
Fighting       | 4 5 6 |  6.2
Shields        | 4 |  4.5
Armour         | 4 5 |  5.0
Dodging        | 1 |  1.5
Invocations    | 1 |  1.3

Action                     |  1- 3 |  4- 6 |  7- 9 || total
---------------------------+-------+-------+-------++-------
  Melee: War axe           |    59 |   125 |     1 ||   185
         Headbutt          |     9 |    14 |       ||    23
    Use: Potion            |       |     3 |     1 ||     4
         Scroll            |       |       |     3 ||     3
 Armour: Scale mail        |    59 |    96 |    10 ||   165
         Skin              |       |   135 |       ||   135
  Dodge: Dodged            |    33 |    69 |     3 ||   105
  Block: Buckler           |    21 |    51 |     4 ||    76

Table legend: (Time is in decaauts)
 A = Elapsed time spent in this place.
 B = Non-inter-level travel time spent in this place.
 C = Inter-level travel time spent in this place.
 D = Time resting spent in this place.
 E = Time spent auto-exploring this place.
 F = Levels seen in this place.
 G = Mean time per level.
                   A        B        C        D        E       F      G
               +--------+--------+--------+--------+--------+-----+--------+
         Total |   4327 |   4214 |    113 |    504 |   3229 |   5 |  865.4 |
       Dungeon |   4327 |   4214 |    113 |    504 |   3229 |   5 |  865.4 |
               +--------+--------+--------+--------+--------+-----+--------+

Top non-repeatable levels by time:
     D:4: 1565 daAuts
     D:3: 1182 daAuts
     D:2: 1105 daAuts
     D:1: 455 daAuts
     D:5: 19 daAuts
